3AA
ATLANTIC CITY SONICS @ RICHLAND RAILS
09/16/2025
 
TOP OF THE 1ST
Atlantic City Sonics batting - Pitching for Richland Rails : LHP Carlos Barajas
Pitching: LHP Carlos Barajas
Batting: RHB José López 0-0: Called Strike
0-1: Called Strike
0-2: Strikes out swinging
Batting: RHB Brady Bess 0-0: Ball
1-0: Ball
2-0: Called Strike
2-1: Ball
3-1: Base on Balls
Batting: RHB John Schnatter 0-0: Ball
1-0: Grounds into double play, 6-4-3 (Groundball, 6)
Top of the 1st over - 0 run(s), 0 hit(s), 0 error(s), 0 left on base; Atlantic City 0 - Richland 0
BOTTOM OF THE 1ST
Richland Rails batting - Pitching for Atlantic City Sonics : RHP Jim Unknown
Pitching: RHP Jim Unknown
Batting: LHB Roberto Soto 0-0: Called Strike
0-1: Ball
1-1: Ball
2-1: Swinging Strike
2-2: Ball
3-2: Foul Ball, location: 2F
3-2: Foul Ball, location: 2F
3-2: SINGLE (Groundball, 4D)
Batting: RHB Roberto Ríos 0-0: Ball
Pickoff Throw to First - Out!
1-0: Foul Ball, location: 2F
1-1: Ground out 4-3 (Groundball, 4)
Batting: RHB Jung-hwan Kwon 0-0: Ball
1-0: Foul Ball, location: 2F
1-1: Ball
2-1: Fly out, F9 (Flyball, 9S)
Bottom of the 1st over - 0 run(s), 1 hit(s), 0 error(s), 0 left on base; Atlantic City 0 - Richland 0
TOP OF THE 2ND
Atlantic City Sonics batting - Pitching for Richland Rails : LHP Carlos Barajas
Batting: LHB José Cordero 0-0: Ball
1-0: Ball
2-0: Foul Ball, location: 2F
2-1: Ground out 3-1 (Groundball, 34)
Batting: RHB Julián García 0-0: Ball
1-0: Ball
2-0: Ball
3-0: Base on Balls
Batting: RHB Kent Summey 0-0: Called Strike
0-1: Ball
1-1: Swinging Strike
1-2: Ball
2-2: DOUBLE (Line Drive, 3D)
Julián García to third
Batting: SHB Luchino Salimbeni 0-0: Ball
1-0: Ball
2-0: Ground out 6-3 (Groundball, 6)
Julián García scores
Batting: RHB Gianpaolo Monachino 0-0: Ball
1-0: Ground out 5-3 (Groundball, 56S)
Top of the 2nd over - 1 run(s), 1 hit(s), 0 error(s), 1 left on base; Atlantic City 1 - Richland 0
BOTTOM OF THE 2ND
Richland Rails batting - Pitching for Atlantic City Sonics : RHP Jim Unknown
Batting: RHB Vicente Cruz 0-0: Ball
1-0: Ball
2-0: Called Strike
2-1: SINGLE (Flyball, 8RS)
Batting: LHB Jorge Greenbaum 0-0: Called Strike
0-1: Ball
1-1: Ball
2-1: SINGLE (Line Drive, 7LS)
Vicente Cruz to second
Batting: RHB Rubén Hernández 0-0: Ball
1-0: Called Strike
1-1: Ball
2-1: SINGLE (Groundball, 56D)
Vicente Cruz to third
Jorge Greenbaum to second
Batting: RHB Daryl Moran 0-0: Called Strike
0-1: SINGLE (Line Drive, 8RS)
Vicente Cruz scores
Jorge Greenbaum to third
Rubén Hernández to second
Batting: RHB Adrian Rodgers 0-0: Ball
1-0: Ball
2-0: SINGLE (Line Drive, 8RS)
Jorge Greenbaum scores
Rubén Hernández to third
Daryl Moran to second
Runner from 3rd tries for Home, SAFE, throw made home
Batting: LHB Orlando Casillas 0-0: Foul Ball, location: 2F
0-1: Ball
1-1: Called Strike
1-2: Strikes out looking
Batting: LHB Roberto Soto 0-0: Called Strike
0-1: Ball
1-1: Foul Ball, location: 2F
1-2: Ball
2-2: Strikes out swinging
Batting: RHB Roberto Ríos 0-0: Called Strike
0-1: Ball
1-1: Ball
2-1: Ball
3-1: Called Strike
3-2: SINGLE (Line Drive, 7LM)
Daryl Moran to third
Adrian Rodgers to second
Daryl Moran scores
Adrian Rodgers to third
Batting: RHB Jung-hwan Kwon 0-0: Ball
1-0: SINGLE (Line Drive, 56)
Adrian Rodgers scores
Roberto Ríos to second
Batting: RHB Vicente Cruz 0-0: Hit by Pitch
Roberto Ríos to third
Jung-hwan Kwon to second
Batting: LHB Jorge Greenbaum 0-0: Fly out, F4 (Line Drive, 4)
Bottom of the 2nd over - 5 run(s), 7 hit(s), 0 error(s), 3 left on base; Atlantic City 1 - Richland 5
TOP OF THE 3RD
Atlantic City Sonics batting - Pitching for Richland Rails : LHP Carlos Barajas
Batting: LHB Todd Blankenburg 0-0: Ball
1-0: Ball
2-0: Ground out 4-3 (Groundball, 4)
Batting: RHB José López 0-0: Foul Ball, location: 2F
0-1: Foul Ball, location: 2F
0-2: Ball
1-2: Reached on error, E7 (Flyball, 7S)
Batting: RHB Brady Bess 0-0: Swinging Strike
0-1: Swinging Strike
0-2: Ball
1-2: Ball
2-2: Strikes out swinging
Batting: RHB John Schnatter 0-0: Called Strike
0-1: Foul Ball, location: 2F
0-2: Strikes out looking
Top of the 3rd over - 0 run(s), 0 hit(s), 1 error(s), 1 left on base; Atlantic City 1 - Richland 5
BOTTOM OF THE 3RD
Richland Rails batting - Pitching for Atlantic City Sonics : RHP Jim Unknown
Batting: RHB Rubén Hernández 0-0: Ball
1-0: Ball
2-0: Swinging Strike
2-1: Fly out, F9 (Flyball, 9S)
Batting: RHB Daryl Moran 0-0: Foul Ball, location: 2F
0-1: Ball
1-1: Swinging Strike
1-2: SINGLE (Line Drive, 34)
Batting: RHB Adrian Rodgers 0-0: Foul Ball, location: 2F
0-1: Ball
1-1: Ball
2-1: Foul Ball, location: 2F
2-2: Fly out, F9 (Flyball, 9)
Batting: LHB Orlando Casillas 0-0: Ball
1-0: Called Strike
1-1: Ball
2-1: Foul Ball, location: 2F
2-2: Strikes out swinging
Bottom of the 3rd over - 0 run(s), 1 hit(s), 0 error(s), 1 left on base; Atlantic City 1 - Richland 5
TOP OF THE 4TH
Atlantic City Sonics batting - Pitching for Richland Rails : LHP Carlos Barajas
Batting: LHB José Cordero 0-0: Ball
1-0: Called Strike
1-1: Swinging Strike
1-2: Ball
2-2: Ball
3-2: Foul Ball, location: 2F
3-2: Strikes out looking
Batting: RHB Julián García 0-0: Fly out, F8 (Flyball, 8LD)
Batting: RHB Kent Summey 0-0: Called Strike
0-1: Ball
1-1: Foul Ball, location: 2F
1-2: Ball
2-2: Ball
3-2: Strikes out swinging
Top of the 4th over - 0 run(s), 0 hit(s), 0 error(s), 0 left on base; Atlantic City 1 - Richland 5
BOTTOM OF THE 4TH
Richland Rails batting - Pitching for Atlantic City Sonics : RHP Jim Unknown
Batting: LHB Roberto Soto 0-0: Ball
1-0: Called Strike
1-1: Ball
2-1: Reached on error, E5 (Groundball, 56)
Batting: RHB Roberto Ríos 0-0: Called Strike
Roberto Soto steals 2nd base
0-1: Called Strike
0-2: Strikes out looking
Batting: RHB Jung-hwan Kwon 0-0: SINGLE (Flyball, 8LS)
Roberto Soto to third
Batting: RHB Vicente Cruz 0-0: Called Strike
0-1: Ball
1-1: Ball
2-1: Swinging Strike
2-2: Fly out, F5 (Popup, 6S)
Batting: LHB Jorge Greenbaum 0-0: Called Strike
0-1: Swinging Strike
0-2: Strikes out swinging
Bottom of the 4th over - 0 run(s), 1 hit(s), 1 error(s), 2 left on base; Atlantic City 1 - Richland 5
TOP OF THE 5TH
Atlantic City Sonics batting - Pitching for Richland Rails : LHP Carlos Barajas
Batting: SHB Luchino Salimbeni 0-0: Ball
1-0: Called Strike
1-1: Called Strike
1-2: Strikes out swinging
Batting: RHB Gianpaolo Monachino 0-0: Called Strike
0-1: Ball
1-1: Foul Ball, location: 2F
1-2: Ball
2-2: Foul Ball, location: 2F
2-2: Foul Ball, location: 2F
2-2: Foul Ball, location: 2F
2-2: Strikes out swinging
Batting: LHB Todd Blankenburg 0-0: Swinging Strike
0-1: Ball
1-1: Called Strike
1-2: Ball
2-2: Foul Ball, location: 2F
2-2: Strikes out looking
Top of the 5th over - 0 run(s), 0 hit(s), 0 error(s), 0 left on base; Atlantic City 1 - Richland 5
BOTTOM OF THE 5TH
Richland Rails batting - Pitching for Atlantic City Sonics : RHP Jim Unknown
Batting: RHB Rubén Hernández 0-0: Called Strike
0-1: Ball
1-1: Ball
2-1: Ball
3-1: Foul Ball, location: 2F
3-2: Foul Ball, location: 2F
3-2: Fly out, F6 (Popup, 56D)
Batting: RHB Daryl Moran 0-0: Swinging Strike
0-1: Foul Ball, location: 2F
0-2: Ground out 5-3 (Groundball, 56)
Batting: RHB Adrian Rodgers 0-0: Fly out, F7 (Flyball, 7LMF)
Bottom of the 5th over - 0 run(s), 0 hit(s), 0 error(s), 0 left on base; Atlantic City 1 - Richland 5
TOP OF THE 6TH
Atlantic City Sonics batting - Pitching for Richland Rails : LHP Carlos Barajas
Batting: RHB José López 0-0: Ball
1-0: Ball
2-0: Ball
3-0: Called Strike
3-1: Foul Ball, location: 2F
3-2: Base on Balls
Batting: RHB Brady Bess 0-0: Ball
1-0: Called Strike
José López is caught stealing 2nd base
1-1: Ball
2-1: Foul Ball, location: 2F
2-2: Fly out, F7 (Flyball, 7LM)
Batting: RHB John Schnatter 0-0: Swinging Strike
0-1: Called Strike
0-2: Ball
1-2: Ball
2-2: Fly out, F9 (Flyball, 9D)
Top of the 6th over - 0 run(s), 0 hit(s), 0 error(s), 0 left on base; Atlantic City 1 - Richland 5
BOTTOM OF THE 6TH
Richland Rails batting - Pitching for Atlantic City Sonics : RHP Jim Unknown
Batting: LHB Orlando Casillas 0-0: Called Strike
0-1: Ball
1-1: Ball
2-1: Swinging Strike
2-2: Strikes out swinging, 2-3 out at first.
Batting: LHB Roberto Soto 0-0: Ball
1-0: Ball
2-0: Called Strike
2-1: Ball
3-1: Fly out, F7 (Flyball, 7S)
Batting: RHB Roberto Ríos 0-0: Foul Ball, location: 2F
0-1: Called Strike
0-2: Ball
1-2: Ball
2-2: Foul Ball, location: 2F
2-2: Ground out 6-3 (Groundball, 6)
Bottom of the 6th over - 0 run(s), 0 hit(s), 0 error(s), 0 left on base; Atlantic City 1 - Richland 5
TOP OF THE 7TH
Atlantic City Sonics batting - Pitching for Richland Rails : LHP Carlos Barajas
Batting: LHB José Cordero 0-0: Ground out 4-3 (Groundball, 4S)
Batting: RHB Julián García 0-0: Ball
1-0: Ball
2-0: SINGLE (Line Drive, 78M)
Batting: RHB Kent Summey 0-0: Ball
1-0: Ball
2-0: Swinging Strike
2-1: Called Strike
2-2: Strikes out swinging
Batting: SHB Luchino Salimbeni 0-0: Ball
Balk!
Julián García to second
1-0: Swinging Strike
1-1: Called Strike
1-2: Strikes out swinging
Top of the 7th over - 0 run(s), 1 hit(s), 0 error(s), 1 left on base; Atlantic City 1 - Richland 5
BOTTOM OF THE 7TH
Richland Rails batting - Pitching for Atlantic City Sonics : RHP Jim Unknown
Batting: RHB Jung-hwan Kwon 0-0: Foul Ball, location: 2F
0-1: Foul Ball, location: 2F
0-2: Ball
1-2: Fly out, F3 (Popup, 34S)
Batting: RHB Vicente Cruz 0-0: Called Strike
0-1: Ground out 5-3 (Groundball, 5)
Batting: LHB Jorge Greenbaum 0-0: Fly out, F8 (Flyball, 8LM)
Bottom of the 7th over - 0 run(s), 0 hit(s), 0 error(s), 0 left on base; Atlantic City 1 - Richland 5
TOP OF THE 8TH
Atlantic City Sonics batting - Pitching for Richland Rails : LHP Carlos Barajas
Batting: RHB Gianpaolo Monachino 0-0: Ball
1-0: Ball
2-0: SOLO HOME RUN (Flyball, 7D), Distance : 350 ft
Batting: LHB Todd Blankenburg 0-0: Foul Ball, location: 2F
0-1: Foul Ball, location: 2F
0-2: SINGLE (Line Drive, 78S)
Pitching: RHP Jim Unknown
Batting: RHB José López 0-0: Called Strike
0-1: Swinging Strike
0-2: Ball
1-2: Ball
2-2: Ball
3-2: Foul Ball, location: 2F
3-2: Fly out, F6 (Line Drive, 6MD)
Batting: RHB Brady Bess 0-0: Called Strike
0-1: Ball
1-1: Ball
2-1: Swinging Strike
2-2: Foul Ball, location: 2F
2-2: Ball
3-2: Strikes out swinging
Batting: RHB John Schnatter 0-0: Ball
1-0: Ball
2-0: Called Strike
2-1: Foul Ball, location: 2F
2-2: Foul Ball, location: 2F
2-2: 2-RUN HOME RUN (Line Drive, 7LD), Distance : 339 ft
Batting: LHB José Cordero 0-0: Called Strike
0-1: Fly out, F3 (Line Drive, 3S)
Top of the 8th over - 3 run(s), 3 hit(s), 0 error(s), 0 left on base; Atlantic City 4 - Richland 5
BOTTOM OF THE 8TH
Richland Rails batting - Pitching for Atlantic City Sonics : RHP Jim Unknown
Pitching: RHP Alfredo Muñóz
Batting: RHB Rubén Hernández 0-0: Foul Ball, location: 2F
0-1: Ball
1-1: Ball
2-1: Ball
3-1: Called Strike
3-2: Foul Ball, location: 2F
3-2: Fly out, F7 (Line Drive, 7S)
Batting: RHB Daryl Moran 0-0: Called Strike
0-1: Fly out, F5 (Line Drive, 56)
Batting: RHB Adrian Rodgers 0-0: Ball
1-0: SINGLE (Line Drive, 7S)
Pinch Hitting: SHB Jasper Otto 0-0: Ball
1-0: Called Strike
1-1: Called Strike
1-2: SINGLE (Line Drive, 56D)
Adrian Rodgers to second
Batting: LHB Roberto Soto 0-0: Ground out U3 (Groundball, 34)
Bottom of the 8th over - 0 run(s), 2 hit(s), 0 error(s), 2 left on base; Atlantic City 4 - Richland 5
TOP OF THE 9TH
Atlantic City Sonics batting - Pitching for Richland Rails : RHP Jim Unknown
Now at 2B: Kazu Hishida
Now in RF: Bernardo Cruz
Batting: RHB Julián García 0-0: Called Strike
0-1: Ball
1-1: Called Strike
1-2: Ball
2-2: Ball
3-2: Foul Ball, location: 2F
3-2: Strikes out swinging
Pinch Hitting: LHB Chris Fries 0-0: Called Strike
0-1: Foul Ball, location: 2F
0-2: Ball
1-2: Strikes out looking
Pinch Hitting: RHB Nelson Torez 0-0: Called Strike
0-1: Foul Ball, location: 2F
0-2: Ball
1-2: Ball
2-2: Ground out 5-3 (Groundball, 56)
Top of the 9th over - 0 run(s), 0 hit(s), 0 error(s), 0 left on base; Atlantic City 4 - Richland 5
Friday, December 30th, 2016 - OOTP Baseball 17.12 Build 75